 Dungeon Crawl Stone Soup version 0.25-a0-479-g8579842fd4 (webtiles) character file.

Game seed: 6222769472327209348, levelgen mode: deterministic

5 vurker the Gusty (level 1, 0/7 HPs)
             Began as a Felid Air Elementalist on Feb 9, 2020.
             Killed from afar by a dart slug (4 damage)
             ... with a slug dart
             ... on level 1 of the Dungeon.
             The game lasted 00:00:18 (75 turns).

vurker the Gusty (Felid Air Elementalist)             Turns: 75, Time: 00:00:19

Health: 0/7        AC:  1    Str:  4    XL:     1   Next: 66%
Magic:  1/4        EV: 18    Int: 16    God:
Gold:   0          SH:  0    Dex: 16    Spells: 3/4 levels left
                                        Lives:  0   Deaths: 0

rFire    . . .     SeeInvis +   (weapon unavailable)
rCold    . . .     Gourm    .   (shield unavailable)
rNeg     . . .     Faith    .   (armour unavailable)
rPois    .         Spirit   .   (helmet unavailable)
rElec    .         Reflect  .   (cloak unavailable)
rCorr    .         Harm     .   (gloves unavailable)
MR       .....                  (boots unavailable)
Stlth    +++.......             (no amulet)
HPRegen  0.02/turn              (no ring)
MPRegen  0.09/turn              (no ring)

@: very slightly contaminated, quick
A: very small, no armour, no weapons or thrown items, stealth, claws 1, fangs 3,
see invisible, carnivore, speed 1, shaggy fur 1, slow metabolism 1, sharp paws
a: no special abilities


You were on level 1 of the Dungeon.
You were not hungry.

You visited 1 branch of the dungeon, and saw 1 of its levels.

Inventory:

Comestibles
 e - a ration


   Skills:
 + Level 0.1 Fighting
 - Level 2.6 Dodging
 - Level 2.6 Stealth
 * Level 2.1 Spellcasting
 * Level 1.1 Conjurations
 * Level 2.8 Air Magic


You had 3 spell levels left.
You knew the following spells:

 Your Spells              Type           Power        Failure   Level  Hunger
a - Shock                 Conj/Air       #...         9%          1    #......

Your spell library contained the following spells:

 Spells                   Type           Power        Failure   Level  Hunger
 Swiftness                Chrm/Air       #.......     17%         2    ###....
 Static Discharge         Conj/Air       #.......     26%         3    ###....
 Airstrike                Air            ##........   54%         4    #####..
 Lightning Bolt           Conj/Air       #.........   94%         5    ######.


Dungeon Overview and Level Annotations

Branches:
Dungeon (1/15)

Altars:


Innate Abilities, Weirdness & Mutations

You cannot wear armour.
You are incapable of wielding weapons or throwing items.
Your paws allow you to move quietly. (Stealth)
You have sharp claws.
You have razor-sharp teeth.
You have supernaturally acute eyesight. (SInv)
You are carnivorous and can eat meat at any time.
You cover ground quickly.
You are covered in fur. (AC +1)
You have a slow metabolism.
Your sharp claws are effective at attacking unaware monsters.


Message History

The dart slug launches a dart at you. The slug dart misses you.
Aim: a dart slug (severely wounded)
You miscast Shock.
You are very lightly contaminated with residual magic.
Wisps of vapour drift from your paws.
Aim: a dart slug (severely wounded)
The zap hits the dart slug.
You don't have enough magic to cast that spell.
The dart slug launches a dart at you. The slug dart misses you.
You scratch the dart slug.
You kill the dart slug!
Your Conjurations skill increases to level 1!
Your magical contamination has completely faded away.
A goblin and a kobold come into view.
There are monsters nearby!
Aim: a kobold, wielding a +0 short sword (resting)
The zap hits the kobold.
The kobold shouts!
Aim: a kobold, wielding a +0 short sword (heavily wounded)
The zap misses the kobold.
The zap hits the kobold.
Aim: a kobold, wielding a +0 short sword (severely wounded)
The zap misses the kobold.
The kobold closely misses you.
Aim: a kobold, wielding a +0 short sword (severely wounded)
You miscast Shock.
You are very lightly contaminated with residual magic.
You feel momentarily weightless. The kobold completely misses you.
You don't have enough magic to cast that spell.
You scratch the kobold but do no damage.
A dart slug comes into view.
The kobold closely misses you.
You closely miss the kobold. The kobold misses you.
You closely miss the kobold. You bite the kobold, but do no damage.
The kobold closely misses you.
You scratch the kobold.
You kill the kobold!
You scratch the goblin. The goblin hits you.
You scratch the goblin.
You kill the goblin!
You see here a +0 short sword.
The dart slug completely misses you.
Found 19 stones.
You scratch the dart slug but do no damage.
You bite the dart slug, but do no damage.
You scratch the dart slug. The dart slug launches a dart at you.
The slug dart hits you.
Ouch! That really hurt!
You die...

##### ########...
(
#.....##.###...#
#.###..)@w......
##.######.#.##.##
#...# ......
##...## #..#.###
#P...P# #......
##...## #..# #..
#P...P# ...# ##.
##...## ....
#P...P#


You could see a dart slug.

Vanquished Creatures
  A dart slug (D:1)
  A goblin (D:1)
  A kobold (D:1)
3 creatures vanquished.

Notes
Turn   | Place    | Note
-------+----------+-------------------------------------------
     0 | D:1      | vurker the Felid Air Elementalist began the quest for the
                  | Orb.
     0 | D:1      | Reached XP level 1. HP: 7/7 MP: 4/4
    12 | D:1      | Reached skill level 1 in Conjurations
    75 | D:1      | Killed from afar by a dart slug

Levels and vault maps discovered:
D:1:      minmay_arrival_plants_in_alcoves, layout_loops_ring

Skill      XL: |  1 |
---------------+----+-----
Conjurations   | 1 |  1.1
Fighting       | |  0.1
Dodging        | |  2.6
Stealth        | |  2.6
Spellcasting   | |  2.1
Air Magic      | |  2.8

Action                   || total
-------------------------++-------
Melee: Unarmed           ||     9
       Bite              ||     2
 Cast: Shock             ||     6
Dodge: Dodged            ||     8

Table legend:
 A = Non-vault XP
 B = Vault XP
 C = Vault XP percentage of total XP
 D = Non-vault monster count
 E = Vault monster count
 F = Vault count percentage of total count
                 A         B        C        D         E       F
            +---------+---------+-------+---------+---------+-------
      Total |       8 |       0 |   0.0 |       3 |       0 |   0.0
            +---------+---------+-------+---------+---------+-------
        D:1 |       8 |       0 |   0.0 |       3 |       0 |   0.0
            +---------+---------+-------+---------+---------+-------
